 Dungeon Crawl Stone Soup version 0.23.2-30-g0e89c35649 (webtiles) character file.

Game seed: 1581915878023604418

152 HammerPanzer the Cudgeler (level 5, -2/48 HPs)
             Began as a Minotaur Berserker on June 9, 2019.
             Was a Believer of Trog.
             Slain by a worm (8 damage)
             ... on level 3 of the Dungeon.
             The game lasted 00:04:12 (2015 turns).

HammerPanzer the Cudgeler (Minotaur Berserker)      Turns: 2015, Time: 00:04:13

Health: -2/48      AC:  6    Str: 22    XL:     5   Next: 11%
Magic:  4/4        EV: 11    Int:  5    God:    Trog [**....]
Gold:   141        SH:  0    Dex:  9    Spells: 4/4 levels left

rFire    . . .     SeeInvis .   a - +0 mace
rCold    . . .     Gourm    .   (no shield)
rNeg     . . .     Faith    .   h - +0 ring mail
rPois    .         Spirit   .   (helmet restricted)
rElec    .         Reflect  .   d - scarf {cloud immunity}
rCorr    .         Harm     .   n - +0 pair of gloves
MR       .....                  (no boots)
Stlth    ..........             (no amulet)
HPRegen  0.16/turn              (no ring)
MPRegen  0.09/turn              (no ring)

@: lethally poisoned (-2 -> -3), berserk cooldown, slowed, very slow
A: retaliatory headbutt, horns 2
a: Berserk, Trog's Hand, Renounce Religion


You were on level 3 of the Dungeon.
You worshipped Trog.
Trog was pleased with you.
You were very hungry.

You visited 1 branch of the dungeon, and saw 3 of its levels.

You collected 141 gold pieces.

Inventory:

Hand Weapons
 a - a +0 mace (weapon)
Armour
 d - a scarf of cloud immunity (worn)
 h - a +0 ring mail (worn)
 k - a +3 leather armour
 n - a +0 pair of gloves (worn)
Jewellery
 i - a +4 ring of intelligence {unknown}
 l - an uncursed ring of protection from fire {unknown}
Wands
 o - a wand of iceblast (2)
Scrolls
 g - a scroll of remove curse {unknown}
 j - 2 scrolls of amnesia {unknown}
 m - a scroll of teleportation {unknown}
 q - a scroll of magic mapping {unknown}
 r - 2 scrolls of blinking {unknown}
Potions
 b - 2 potions of haste {unknown}
 e - 2 potions of curing {unknown}
 f - 3 potions of agility {unknown}
 p - a potion of brilliance {unknown}
Comestibles
 c - 6 rations


   Skills:
 + Level 5.0 Fighting
 * Level 6.1 Maces & Flails
 - Level 2.4 Armour
 - Level 2.1 Dodging


You had 4 spell levels left.
You didn't know any spells.
Your spell library was empty.

Dungeon Overview and Level Annotations

Branches:
Dungeon (3/15)

Altars:
Ashenzari
Uskayaw


Innate Abilities, Weirdness & Mutations

You reflexively headbutt those who attack you in melee.
You have a pair of horns on your head.


Message History

You feel sick.
You sock the orc priest!
You kill the orc priest!
Trog accepts your kill.
Your Fighting skill increases to level 5!
Your Maces & Flails skill increases to level 6!
You have reached level 5!
Found 2 large rocks.
Items here: )))) [[[ ††† You feel a strong urge to attack something.
Found a scroll labeled NARGHU FANUN.
You feel your anger nearly subside.
A worm comes into view.
You are no longer berserk.
You are exhausted.
You feel yourself slow down.
You feel sick.
You hit the worm.
The worm is lightly wounded.
The worm bites you!
You die...

###...#
#....####......... #..##
###.## ##.......# #.##
### ##.....## #.#
##...## # #)# ##+## #
#.# ##### #.# # #.#
#(..####### #.# ###.#
#######.........###.##
....#
≈≈≈≈≈≈≈@#.#)###.##...###
##### #≈#≈#≈≈w#.#.#
#.#....... # ≈≈.≈..#.#.#
#.##...... #
.≈......?.#.# #.###.....
#
........###.###.####....
##.####.# #.............
... ..# #####.########
## #.........# #########


You could see a worm.

Vanquished Creatures
  A crimson imp (D:3)
  An orc priest (D:3)
  2 adders
  A worm (D:3)
  4 orcs (D:3)
  A ball python (D:2)
  8 bats
  3 giant cockroaches (D:3)
  7 goblins
  5 hobgoblins
  12 jackals
  A quokka (D:2)
  2 frilled lizards
  3 kobolds
  5 rats
56 creatures vanquished.

Notes
Turn   | Place    | Note
-------+----------+-------------------------------------------
     0 | D:1      | HammerPanzer the Minotaur Berserker began the quest for the
                  | Orb.
     0 | D:1      | Reached XP level 1. HP: 19/19 MP: 0/0
   513 | D:1      | Reached skill level 4 in Maces & Flails
   709 | D:1      | Reached XP level 2. HP: 27/27 MP: 1/1
   837 | D:2      | Found a hide-covered altar of Uskayaw.
   923 | D:2      | Found a shattered altar of Ashenzari.
   944 | D:2      | Reached XP level 3. HP: 33/33 MP: 2/2
  1294 | D:3      | Reached skill level 5 in Maces & Flails
  1294 | D:3      | Reached XP level 4. HP: 41/41 MP: 3/3
  1434 | D:3      | Reached ** piety under Trog
  2009 | D:3      | Reached skill level 5 in Fighting
  2009 | D:3      | Reached skill level 6 in Maces & Flails
  2009 | D:3      | Reached XP level 5. HP: 10/48 MP: 4/4
  2015 | D:3      | Slain by a worm

Skill      XL: |  1  2  3  4 |
---------------+-------------+-----
Maces & Flails | 4 5 6 |  6.1
Fighting       | 4 5 |  5.0
Armour         | |  2.4
Dodging        | |  2.1

Action                   |  1- 3 |  4- 6 || total
-------------------------+-------+-------++-------
Melee: Mace              |    53 |    52 ||   105
       Headbutt          |     8 |     9 ||    17
Invok: Berserk           |       |     1 ||     1
  Eat: Chunk             |     1 |     2 ||     3
Armor: Ring mail         |    20 |    24 ||    44
       Animal skin       |     1 |       ||     1
Dodge: Dodged            |    23 |    40 ||    63
